cohdb
Replays
Latest Replays
All Replays
Popular Replays
Top Player Replays
Match Explorer
How It Works
Community
CoH3 Stats
Reddit
Sign in to upload your games and track your stats! →
Sign in with Steam
Match 41454783
Unlisted
Match 41454783
Overview
Messages
Build Orders
End
Vickers Machine Gun Team
Construct Section Command Post
Selects Indian Artillery Battlegroup
Dingo Light Scout Car
Infantry Section
Infantry Section
Royal Engineer Section
Selects Artillery Saturation
Construct Platoon Command Post
Infantry Section
Unlock Bishop Self-propelled Artillery
Selects Valour
Bishop Self-propelled Artillery
Construct Field Infirmary
Light Vehicle Training
Grenade Package
Bishop Self-propelled Artillery
Selects Gurkha Rifles Section
Construct Company Command Post
Selects Volunteer Infantry
BeerGrills
The World
KevinTDW
Fatal Thoughts
0
0
Comments
sign in to comment!
No comments posted yet!